AA CENTRAL
ARKANSAS TRAVELERS @ TULSA DRILLERS
05/18/2042
 
TOP OF THE 1ST
Arkansas Travelers batting - Pitching for Tulsa Drillers : RHP Luis Negrete
Pitching: RHP Luis Negrete
Batting: LHB Edgar Vargo 0-0: Called Strike
0-1: Ball
1-1: Ball
2-1: Called Strike
2-2: Ball
3-2: Foul Ball, location: 2LF
3-2: Base on Balls
Batting: RHB Dave Davis 0-0: Called Strike
0-1: Foul Ball, location: 2F
0-2: Ball
1-2: Ball
2-2: Foul Ball, location: 23F
2-2: Ball
3-2: Base on Balls
Edgar Vargo to second
Batting: LHB Brad McParland 0-0: Fly out, F4 (Flyball, 34D, EV 84.4 MPH)
Batting: LHB Jim Norton 0-0: Ball
Edgar Vargo is caught stealing 3rd base 2-5
Dave Davis to second
1-0: Called Strike
1-1: Ball
2-1: Ball
3-1: Base on Balls
Batting: RHB Xavier López 0-0: Ball
1-0: Swinging Strike
1-1: Ball
2-1: Fielders Choice at 2nd, 5-4 (Groundball, 56, EV 81.3 MPH)
Top of the 1st over - 0 runs, 0 hits, 0 errors, 2 left on base; Arkansas 0 - Tulsa 0
BOTTOM OF THE 1ST
Tulsa Drillers batting - Pitching for Arkansas Travelers : RHP Tristan Cleveland
Pitching: RHP Tristan Cleveland
Batting: RHB Guaspar Joo 0-0: Foul Ball, location: 3F
0-1: DOUBLE (Line Drive, 9LS, EV 107.5 MPH)
Batting: LHB Gilberto Hernández 0-0: Ball
1-0: Ball
2-0: Ball
3-0: Base on Balls
Batting: LHB Phil Simmons 0-0: Called Strike
0-1: Swinging Strike
0-2: Hit by Pitch
Guaspar Joo to third
Gilberto Hernández to second
Batting: LHB José Ruíz 0-0: Ball
1-0: Fly out, F9 (Flyball, 89M, EV 87.5 MPH)
Runner from 3rd tags up, SCORES, throw by RF
Gilberto Hernández to third
Batting: RHB Aodhán Drinkall 0-0: Foul Ball, location: 7LSFF
0-1: Ball
1-1: Foul Ball, location: 2F
1-2: Ball
2-2: Fly out, F9 (Flyball, 89M, EV 84.4 MPH)
Runner from 3rd tags up, OUT at HOME! 9-2
Bottom of the 1st over - 1 run, 1 hit, 0 errors, 1 left on base; Arkansas 0 - Tulsa 1
TOP OF THE 2ND
Arkansas Travelers batting - Pitching for Tulsa Drillers : RHP Luis Negrete
Batting: RHB Reggie Allen 0-0: Ball
1-0: Ball
2-0: Fly out, F8 (Line Drive, 8RM, EV 98.1 MPH)
Batting: RHB David Ayala 0-0: Ground out 5-3 (Groundball, 56, EV 84.4 MPH)
Batting: RHB Jim Unknown 0-0: Ball
1-0: Ball
2-0: Ball
3-0: Base on Balls
Batting: RHB Jim Unknown 0-0: Foul Ball, location: 25F
0-1: Ball
1-1: Foul Ball, location: 7LSF
1-2: Fly out, F9 (Flyball, 9LSF, EV 73.8 MPH)
Top of the 2nd over - 0 runs, 0 hits, 0 errors, 1 left on base; Arkansas 0 - Tulsa 1
BOTTOM OF THE 2ND
Tulsa Drillers batting - Pitching for Arkansas Travelers : RHP Tristan Cleveland
Batting: LHB Orlando Aponte 0-0: Ball
1-0: Ball
2-0: Ball
3-0: Called Strike
3-1: Foul Ball, location: 2LF
3-2: Foul Ball, location: 3F
3-2: SOLO HOME RUN (Flyball, 9D, EV 97.5 MPH), Distance : 366 ft
Batting: RHB Ezequiel Alfaro 0-0: Ball
1-0: Swinging Strike
1-1: Fly out, F5 (Popup, 5F, EV 74.4 MPH)
Batting: LHB Cris Adaricio 0-0: Called Strike
0-1: Ball
1-1: Ball
2-1: Foul Ball, location: 9LMF
2-2: Strikes out swinging
Batting: LHB Wilbert McDermid 0-0: Swinging Strike
0-1: Ball
1-1: Fly out, F5 (Popup, 5S, EV 65.0 MPH)
Bottom of the 2nd over - 1 run, 1 hit, 0 errors, 0 left on base; Arkansas 0 - Tulsa 2
TOP OF THE 3RD
Arkansas Travelers batting - Pitching for Tulsa Drillers : RHP Luis Negrete
Batting: LHB Edgar Vargo 0-0: Called Strike
0-1: Foul Ball, location: 5DF
0-2: Strikes out looking
Batting: RHB Dave Davis 0-0: Foul Ball, location: 5FF
0-1: Ball
1-1: Foul Ball, location: 7LDF
1-2: Strikes out swinging
Batting: LHB Brad McParland 0-0: Fly out, F6 (Line Drive, 6, EV 73.1 MPH)
Top of the 3rd over - 0 runs, 0 hits, 0 errors, 0 left on base; Arkansas 0 - Tulsa 2
BOTTOM OF THE 3RD
Tulsa Drillers batting - Pitching for Arkansas Travelers : RHP Tristan Cleveland
Batting: RHB Guaspar Joo 0-0: Ball
1-0: Fly out, F7 (Flyball, 7S, EV 93.8 MPH)
Batting: LHB Gilberto Hernández 0-0: Ball
1-0: Swinging Strike
1-1: Fly out, F7 (Flyball, 7S, EV 85.6 MPH)
Batting: LHB Phil Simmons 0-0: Called Strike
0-1: Ball
1-1: Swinging Strike
1-2: Foul Ball, location: 7LMF
1-2: Strikes out swinging
Bottom of the 3rd over - 0 runs, 0 hits, 0 errors, 0 left on base; Arkansas 0 - Tulsa 2
TOP OF THE 4TH
Arkansas Travelers batting - Pitching for Tulsa Drillers : RHP Luis Negrete
Batting: LHB Jim Norton 0-0: Ball
1-0: Ball
2-0: Ground out 3-1 (Groundball, 34, EV 85.6 MPH)
Batting: RHB Xavier López 0-0: Called Strike
0-1: Ball
1-1: Fly out, F5 (Popup, 56, EV 65.0 MPH)
Batting: RHB Reggie Allen 0-0: Ball
1-0: Ball
2-0: Fly out, F8 (Flyball, 8RD, EV 101.9 MPH)
Top of the 4th over - 0 runs, 0 hits, 0 errors, 0 left on base; Arkansas 0 - Tulsa 2
BOTTOM OF THE 4TH
Tulsa Drillers batting - Pitching for Arkansas Travelers : RHP Tristan Cleveland
Batting: LHB José Ruíz 0-0: Ball
1-0: Ball
2-0: DOUBLE (Flyball, 8LXD, EV 99.4 MPH)
Batting: RHB Aodhán Drinkall 0-0: Ball
1-0: Called Strike
1-1: Foul Ball, location: 9LMF
1-2: Foul Ball, location: 9LSF
1-2: Strikes out swinging
Batting: LHB Orlando Aponte 0-0: Ball
1-0: Ball
2-0: Fly out, F5 (Line Drive, 5, EV 75.6 MPH)
Batting: RHB Ezequiel Alfaro 0-0: Called Strike
0-1: Ball
1-1: Ball
2-1: Foul Ball, location: 2F
2-2: Ball
3-2: Fly out, F9 (Flyball, 9, EV 86.9 MPH)
Bottom of the 4th over - 0 runs, 1 hit, 0 errors, 1 left on base; Arkansas 0 - Tulsa 2
TOP OF THE 5TH
Arkansas Travelers batting - Pitching for Tulsa Drillers : RHP Luis Negrete
Batting: RHB David Ayala 0-0: SINGLE (Line Drive, 8LS, EV 99.4 MPH)
Batting: RHB Jim Unknown 0-0: Ball
David Ayala is caught stealing 2nd base 2-4
1-0: Ball
2-0: Swinging Strike
2-1: Foul Ball, location: 9LSF
2-2: Strikes out swinging
Batting: RHB Jim Unknown 0-0: Foul Ball, location: 9LSF
0-1: Swinging Strike
0-2: SINGLE (Line Drive, 9S, EV 108.1 MPH)
Batting: LHB Edgar Vargo 0-0: Foul Ball, location: 2F
0-1: Called Strike
0-2: Ball
1-2: Strikes out swinging
Top of the 5th over - 0 runs, 2 hits, 0 errors, 1 left on base; Arkansas 0 - Tulsa 2
BOTTOM OF THE 5TH
Tulsa Drillers batting - Pitching for Arkansas Travelers : RHP Tristan Cleveland
Batting: LHB Cris Adaricio 0-0: Ball
1-0: Ball
2-0: Ball
3-0: Base on Balls
Batting: LHB Wilbert McDermid 0-0: Ball
1-0: Foul Ball, location: 2LF
1-1: Sac Bunt to 25 - play at first, batter OUT! 5-3
Cris Adaricio to second
Batting: RHB Guaspar Joo 0-0: Ball
1-0: Called Strike
1-1: Called Strike
1-2: Ball
2-2: Foul Ball, location: 2F
2-2: Foul Ball, location: 2F
2-2: Foul Ball, location: 2RF
2-2: Fly out, F5 (Line Drive, 5, EV 69.4 MPH)
Batting: LHB Gilberto Hernández 0-0: Foul Ball, location: 23FF
0-1: Foul Ball, location: 3DF
0-2: Ball
1-2: Fly out, F7 (Flyball, 7, EV 81.9 MPH)
Bottom of the 5th over - 0 runs, 0 hits, 0 errors, 1 left on base; Arkansas 0 - Tulsa 2
TOP OF THE 6TH
Arkansas Travelers batting - Pitching for Tulsa Drillers : RHP Luis Negrete
Batting: RHB Dave Davis 0-0: Called Strike
0-1: Foul Ball, location: 7LDF
0-2: Ball
1-2: Ball
2-2: Foul Ball, location: 2F
2-2: Fly out, F6 (Popup, 6S, EV 60.6 MPH)
Batting: LHB Brad McParland 0-0: Hit by Pitch
Batting: LHB Jim Norton 0-0: Ball
1-0: Ball
2-0: Ball
3-0: Base on Balls
Brad McParland to second
Batting: RHB Xavier López 0-0: DOUBLE (Flyball, 8LD, EV 107.5 MPH)
Brad McParland scores
Jim Norton to third
Batting: RHB Reggie Allen 0-0: Ball
1-0: Called Strike
1-1: Fly out, F9 (Flyball, 89M, EV 84.4 MPH)
Batting: RHB David Ayala 0-0: Called Strike
0-1: Foul Ball, location: 9LMF
0-2: Strikes out looking
Top of the 6th over - 1 run, 1 hit, 0 errors, 2 left on base; Arkansas 1 - Tulsa 2
BOTTOM OF THE 6TH
Tulsa Drillers batting - Pitching for Arkansas Travelers : RHP Tristan Cleveland
Batting: LHB Phil Simmons 0-0: Called Strike
0-1: SOLO HOME RUN (Flyball, 8RXD, EV 110.0 MPH), Distance : 432 ft
Pitching: RHP Jim Unknown
Batting: LHB José Ruíz 0-0: Ball
1-0: Ball
2-0: Ball
3-0: Ground out 4-3 (Groundball, 4, EV 88.8 MPH)
Batting: RHB Aodhán Drinkall 0-0: Swinging Strike
0-1: Ball
1-1: DOUBLE (Groundball, 5L, EV 108.8 MPH)
Batting: LHB Orlando Aponte 0-0: Intentional Walk
Batting: RHB Ezequiel Alfaro 0-0: Foul Ball, location: 5DF
0-1: Called Strike
0-2: Foul Ball, location: 9LMF
0-2: Strikes out swinging
Batting: LHB Cris Adaricio 0-0: Ball
1-0: Ball
2-0: Called Strike
2-1: Fly out, F8 (Flyball, 8RXD, EV 101.3 MPH)
Bottom of the 6th over - 1 run, 2 hits, 0 errors, 2 left on base; Arkansas 1 - Tulsa 3
TOP OF THE 7TH
Arkansas Travelers batting - Pitching for Tulsa Drillers : RHP Luis Negrete
Batting: RHB Jim Unknown 0-0: Ball
1-0: Ball
2-0: Called Strike
2-1: SINGLE (Flyball, 7LS, EV 92.5 MPH)
Batting: RHB Jim Unknown 0-0: SINGLE (Groundball, 4D, EV 104.4 MPH)
Jim Unknown to second
Runner from 2nd tries for 3rd, SAFE, throw by RF made to third
Batting: LHB Edgar Vargo 0-0: Ball
1-0: Ball
2-0: Fly out, F9 (Flyball, 9, EV 80.0 MPH)
Runner from 3rd tags up, SCORES, throw by RF
Batting: RHB Dave Davis 0-0: Ball
1-0: Fly out, F9 (Flyball, 89S, EV 95.0 MPH)
Batting: LHB Brad McParland 0-0: Foul Ball, location: 9LMF
0-1: Foul Ball, location: 7LDF
0-2: Foul Ball, location: 5F
0-2: Fielders Choice at 2nd, 6-4 (Groundball, 6, EV 81.3 MPH)
Top of the 7th over - 1 run, 2 hits, 0 errors, 1 left on base; Arkansas 2 - Tulsa 3
BOTTOM OF THE 7TH
Tulsa Drillers batting - Pitching for Arkansas Travelers : RHP Jim Unknown
Batting: LHB Wilbert McDermid 0-0: Ground out 5-3 (Groundball, 56, EV 106.3 MPH)
Batting: RHB Guaspar Joo 0-0: Ball
1-0: Swinging Strike
1-1: Ball
2-1: Swinging Strike
2-2: Strikes out swinging
Batting: LHB Gilberto Hernández 0-0: Fly out, F7 (Flyball, 78M, EV 89.4 MPH)
Bottom of the 7th over - 0 runs, 0 hits, 0 errors, 0 left on base; Arkansas 2 - Tulsa 3
TOP OF THE 8TH
Arkansas Travelers batting - Pitching for Tulsa Drillers : RHP Luis Negrete
Pitching: RHP Jorge Esparsa
Batting: LHB Jim Norton 0-0: Ball
1-0: Ball
2-0: Called Strike
2-1: Foul Ball, location: 7LDF
2-2: Strikes out swinging
Pinch Hitting: LHB José Barrón 0-0: Fly out, F6 (Popup, 15, EV 82.5 MPH)
Batting: RHB Reggie Allen 0-0: Called Strike
0-1: Foul Ball, location: 2F
0-2: Ball
1-2: Strikes out swinging
Top of the 8th over - 0 runs, 0 hits, 0 errors, 0 left on base; Arkansas 2 - Tulsa 3
BOTTOM OF THE 8TH
Tulsa Drillers batting - Pitching for Arkansas Travelers : RHP Jim Unknown
Now in RF: José Barrón
Batting: LHB Phil Simmons 0-0: Called Strike
0-1: SINGLE (Flyball, 78S, EV 98.8 MPH)
Batting: LHB José Ruíz 0-0: Called Strike
0-1: Ball
1-1: Ball
2-1: SINGLE (Flyball, 78D, EV 101.9 MPH)
Phil Simmons to second
Batting: RHB Aodhán Drinkall 0-0: Ball
1-0: Ball
2-0: Foul Ball, location: 3SF
2-1: Foul Ball, location: 5F
2-2: Ball
3-2: Base on Balls
Phil Simmons to third
José Ruíz to second
Batting: LHB Orlando Aponte 0-0: Ball
1-0: Called Strike
1-1: DOUBLE (Line Drive, 7LM, EV 106.9 MPH)
Phil Simmons scores
José Ruíz scores
Aodhán Drinkall to third
Runner from 3rd tries for Home, SAFE, no throw by LF
Pitching: RHP Jim Unknown
Batting: RHB Ezequiel Alfaro 0-0: Foul Ball, location: 7LDF
0-1: Ball
1-1: Ground out 5-3 (Groundball, 56, EV 108.1 MPH)
Batting: LHB Cris Adaricio 0-0: Ball
1-0: Ball
2-0: Ball
3-0: Base on Balls
Batting: LHB Wilbert McDermid 0-0: Ball
1-0: Ball
2-0: Foul Ball, location: 23FF
2-1: Foul Ball, location: 7LDF
2-2: Grounds into double play, 6-4-3 (Groundball, 6M, EV 86.3 MPH)
Bottom of the 8th over - 3 runs, 3 hits, 0 errors, 1 left on base; Arkansas 2 - Tulsa 6
TOP OF THE 9TH
Arkansas Travelers batting - Pitching for Tulsa Drillers : RHP Jorge Esparsa
Batting: RHB David Ayala 0-0: Ground out 5-3 (Groundball, 56S, EV 85.0 MPH)
Batting: RHB Jim Unknown 0-0: Called Strike
0-1: Ground out 5-3 (Groundball, 5, EV 84.4 MPH)
Batting: RHB Jim Unknown 0-0: Ball
1-0: SINGLE (Flyball, 89S, EV 97.5 MPH)
Batting: LHB Edgar Vargo 0-0: Ball
1-0: Ball
2-0: Ball
3-0: Base on Balls
Jim Unknown to second
Pitching: RHP Bob Richardson
Batting: RHB Dave Davis 0-0: SINGLE (Groundball, 6D, EV 86.9 MPH)
Jim Unknown to third
Edgar Vargo to second
Batting: LHB Brad McParland 0-0: Ball
1-0: Called Strike
1-1: Ball
2-1: Ball
3-1: Foul Ball, location: 5F
3-2: DOUBLE (Flyball, 78XD, EV 103.8 MPH)
Jim Unknown scores
Edgar Vargo scores
Dave Davis to third
Dave Davis scores
Batting: LHB Jim Norton 0-0: Ball
1-0: Ball
2-0: Called Strike
2-1: Ball
3-1: Base on Balls
Batting: LHB José Barrón 0-0: Ball
1-0: DOUBLE (Flyball, 8RXD, EV 99.4 MPH)
Brad McParland scores
Jim Norton to third
Batting: RHB Reggie Allen 0-0: Intentional Walk
Batting: RHB David Ayala 0-0: Called Strike
0-1: Called Strike
0-2: Ball
1-2: Foul Ball, location: 2F
1-2: Ball
2-2: Ball
3-2: Strikes out swinging
Top of the 9th over - 4 runs, 4 hits, 0 errors, 3 left on base; Arkansas 6 - Tulsa 6
BOTTOM OF THE 9TH
Tulsa Drillers batting - Pitching for Arkansas Travelers : RHP Jim Unknown
Batting: RHB Guaspar Joo 0-0: Ball
1-0: Ball
2-0: Ground out 4-3 (Groundball, 4, EV 90.0 MPH)
Batting: LHB Gilberto Hernández 0-0: Swinging Strike
0-1: Ball
1-1: Foul Ball, location: 25F
1-2: Strikes out swinging
Batting: LHB Phil Simmons 0-0: Ball
1-0: SOLO HOME RUN (Flyball, 9D, EV 94.4 MPH), Distance : 361 ft
Bottom of the 9th over - 1 run, 1 hit, 0 errors, 0 left on base; Arkansas 6 - Tulsa 7
Friday, May 3rd , 2024 - OOTP Baseball 24.10 Build 82